 Dungeon Crawl Stone Soup version 0.30.0-10-gfe55d96785 (webtiles) character file.

Game seed: 8354429903549682713

488 hawla the Firebug (level 6, -2/32 HPs)
             Began as a Deep Elf Fire Elementalist on May 15, 2023.
             Was an Initiate of Gozag.
             Slain by Duvessa
             ... wielding a +0 short sword
              (13 damage)
             ... on level 4 of the Dungeon.
             The game lasted 00:08:49 (4070 turns).

hawla the Firebug (Deep Elf Fire Elementalist)      Turns: 4070, Time: 00:08:51

Health: -2/32      AC:  4    Str:  5    XL:     6   Next: 90%
Magic:  0/14       EV: 12    Int: 22    God:    Gozag
Gold:   223        SH:  0    Dex: 15    Spells: 6/13 levels left

rFire   . . .        w - +0 dagger
rCold   . . .        (no shield)
rNeg    . . .        a - +0 robe
rPois   .            x - +0 helmet
rElec   .            g - +0 cloak
rCorr   .            (no gloves)
SInv    .            (no boots)
Will    .....        (no amulet)
Stlth   ++           (no ring)
HPRegen 0.25/turn    (no ring)
MPRegen 0.14/turn

%: no passive effects
@: no status effects
A: no striking features
a: Renounce Religion, Potion Petition, Call Merchant, Bribe Branch


You were on level 4 of the Dungeon.
You worshipped Gozag.
Gozag was aware of your devotion.
You visited 2 branches of the dungeon, and saw 5 of its levels.

You collected 291 gold pieces.
You paid 68 gold pieces to Gozag.

Inventory:

Hand Weapons
 w - a +0 dagger (weapon)
Missiles
 m - a throwing net
 r - 3 boomerangs
 v - 9 poisoned darts
Armour
 a - a +0 robe (worn)
 g - a +0 cloak (worn)
 x - a +0 helmet (worn)
Wands
 k - a wand of charming (8) (quivered)
Scrolls
 h - 3 scrolls of teleportation
 i - a scroll of immolation {unknown}
 n - a scroll of noise {unknown}
 o - a scroll of fear {unknown}
 p - 3 scrolls of identify
 s - 3 scrolls of vulnerability {unknown}
 t - 2 scrolls of enchant armour {unknown}
 y - a scroll of blinking {unknown}
 z - a scroll of enchant weapon {unknown}
 A - a scroll of silence {unknown}
Potions
 b - a potion of magic
 c - 3 potions of cancellation
 d - a potion of might
 e - 2 potions of heal wounds
 f - 3 potions of curing {unknown}
 j - 2 potions of invisibility {unknown}
 l - a potion of degeneration {unknown}
 q - a potion of mutation {unknown}
 u - a potion of attraction {unknown}


   Skills:
 * Level 2.4 Short Blades
 * Level 2.3 Throwing
 - Level 2.6 Dodging
 - Level 2.5 Stealth
 - Level 4.0 Spellcasting
 - Level 4.5 Conjurations
 - Level 4.5 Fire Magic
 * Level 2.4 Evocations


You had 6 spell levels left.
You knew the following spells:

 Your Spells              Type           Power      Damage    Failure   Level
a - Foxfire               Conj/Fire      96%        2x1d8     1%          1
b - Scorch                Fire           48%        2d7       2%          2
c - Flame Wave            Conj/Fire      24%        2d8       17%         4

Your spell library contained the following spells:

 Spells                   Type           Power      Damage    Failure   Level
 Inner Flame              Hex/Fire       14%        N/A       13%         3
 Volatile Blastmotes      Fire/Tloc      28%        2d12      13%         3
 Tukima's Dance           Hex            4%         N/A       32%         3
 Passage of Golubria      Tloc           4%         N/A       73%         4
 Yara's Violent Unravell  Hex/Tmut       2%         3d3       97%         5


Dungeon Overview and Level Annotations

Branches:
Dungeon (4/15)             Temple (1/1) D:4

Altars:
Ashenzari
Cheibriados
Dithmenos
Elyvilon
Fedhas
Gozag
Hepliaklqana
Kikubaaqudgha
Makhleb
Okawaru
Ru
Sif Muna
Uskayaw
Vehumet
Wu Jian
Xom
Yredelemnul
The Shining One

Annotations:
D:4 Duvessa


Message History

Duvessa is moderately wounded.
Casting: Scorch (safe; 2% risk of failure)
Confirm with . or Enter, or press ? or * to list all spells.
Flames lash Duvessa.
Duvessa is burned terribly!
Duvessa is moderately wounded.
Unknown command.
Casting: Scorch (safe; 2% risk of failure)
Confirm with . or Enter, or press ? or * to list all spells.
You conjure some foxfire!
Duvessa barely misses you. Duvessa closely misses you.
You closely miss Duvessa.
Duvessa is moderately wounded.
The foxfire hits Duvessa but does no damage.
Duvessa is moderately wounded.
The foxfire hits Duvessa.
Duvessa is burned terribly!
Duvessa is heavily wounded.
Duvessa hits you with a +0 short sword.
Casting: Foxfire (safe; 1% risk of failure)
Confirm with . or Enter, or press ? or * to list all spells.
You conjure some foxfire!
Duvessa barely misses you. Duvessa hits you with a +0 short sword.
You hit Duvessa but do no damage.
Duvessa is heavily wounded.
The foxfire hits Duvessa.
Duvessa is burned terribly!
Duvessa is heavily wounded.
The foxfire hits Duvessa!
Duvessa is burned terribly!
Duvessa is severely wounded.
Duvessa barely misses you.
Casting: Foxfire (safe; 1% risk of failure)
Confirm with . or Enter, or press ? or * to list all spells.
You conjure some foxfire!
Duvessa hits you with a +0 short sword!
You barely miss Duvessa.
Duvessa is severely wounded.
The foxfire hits Duvessa.
Duvessa is burned terribly!
Duvessa is almost dead.
The foxfire hits Duvessa.
Duvessa is burned terribly!
Duvessa is almost dead.
Duvessa misses you. Duvessa hits you with a +0 short sword!
You die...
Your body crumbles into a pile of gold.

##.......#
#..##.####.#...
#.......# ##.##.# #.#...
####### #..#.####.#...
#.....# #.........#...
#.....####..##.####...
#..............#######
#................##
#..!ยง..........#..###
#....@########'##...#
#..$e.##............#
#....$##............##
....$...##..............
........##...........##.
........##...........##.
........##...........##.
........##...........##.
#[..........'..


You could see Duvessa (berserk, combustible).

Vanquished Creatures
  Blork the orc (D:4)
  A scorpion (D:4)
  Dowan (D:4)
  2 orc priests (D:3)
  An orc wizard (D:3)
  Robin (D:3)
  3 gnolls (D:2)
  8 adders
  A worm (D:3)
  2 dart slugs
  16 orcs
  8 ball pythons
  3 endoplasms
  A giant cockroach (D:1)
  12 goblins
  12 hobgoblins
  3 jackals (D:4)
  4 quokkas
  6 bats
  A frilled lizard (D:3)
  7 kobolds
  4 rats
98 creatures vanquished.

Vanquished Creatures (others)
  205 foxfires
205 creatures vanquished.

Grand Total: 303 creatures vanquished

Notes
Turn   | Place    | Note
-------+----------+-------------------------------------------
     0 | D:1      | hawla the Deep Elf Fire Elementalist began the quest for
                  | the Orb.
     0 | D:1      | Reached XP level 1. HP: 10/10 MP: 6/6
   280 | D:1      | Reached XP level 2. HP: 15/15 MP: 4/8
   283 | D:1      | Learned a level 2 spell: Scorch
   759 | D:2      | Reached XP level 3. HP: 19/19 MP: 5/9
  1476 | D:2      | Reached XP level 4. HP: 13/24 MP: 3/11
  1483 | D:2      | Learned a level 4 spell: Flame Wave
  2038 | D:3      | Noticed Robin
  2043 | D:3      | Killed Robin
  2089 | D:3      | Reached XP level 5. HP: 28/28 MP: 5/13
  2494 | D:3      | Found a faded altar of an unknown god.
  2551 | D:3      | Reached skill level 1 in Throwing
  2553 | D:3      | Reached skill level 1 in Evocations
  2634 | D:3      | Reached XP level 6. HP: 32/32 MP: 9/14
  3389 | D:4      | Found a staircase to the Ecumenical Temple.
  3417 | Temple   | Entered the Ecumenical Temple
  3555 | Temple   | Became a worshipper of Gozag Ym Sagoz the Greedy
  3695 | D:4      | Reached skill level 1 in Short Blades
  3854 | D:4      | Found a burning altar of Makhleb.
  3959 | D:4      | Noticed Blork the orc
  3967 | D:4      | Killed Blork the orc
  4049 | D:4      | Noticed Dowan
  4055 | D:4      | Killed Dowan
  4059 | D:4      | Noticed Duvessa
  4070 | D:4      | Slain by Duvessa

Illustrated notes

Levels and vault maps discovered:
D:1:      dpeg_arrival_boxes_within_box, layout_rooms
D:2:      layout_loops_corners, hangedman_abyss_or_decor_stabs,
          nicolae_hexahallways, minmay_misc_feat_more_columns
D:3:      layout_basic, shapermc_ecumenical_altar_hornbeckon, uniq_robin
D:4:      layout_basic, grunt_temple_overflow_order_and_chaos_2, temple_statues,
          uniq_duvessa, uniq_blork_the_orc
Temple:   minmay_crystal_spiral_temple

Skill      XL: |  1  2  3  4  5  6 |
---------------+-------------------+-----
Fire Magic     | 4 |  4.5
Conjurations   | 2 3 4 |  4.5
Spellcasting   | 4 |  4.0
Throwing       | 1 2 |  2.3
Evocations     | 1 2 |  2.4
Short Blades   | 2 |  2.4
Dodging        | |  2.6
Stealth        | |  2.5

Action                     |  1- 3 |  4- 6 || total
---------------------------+-------+-------++-------
  Melee: Unarmed           |     4 |     6 ||    10
         Dagger            |       |    21 ||    21
   Cast: Foxfire           |    40 |    74 ||   114
         Scorch            |    12 |    20 ||    32
         Flame Wave        |       |     3 ||     3
    Use: Scroll            |       |     4 ||     4
   Stab: Distracted        |       |     1 ||     1
 Armour: Robe              |     2 |     7 ||     9
  Dodge: Dodged            |     9 |    32 ||    41
